AoeStats
← jeremias723

Arabia

505990467Analyzed
4v4 RM · 19d ago on Sep 11, 2026· 36m 54s· 8 players
Game mode
Random Map
Map size
Large (8 player)
Population
200
Speed
Normal
Resources
Standard
Victory
Conquest
Starting age
Dark Age
Ending age
Imperial Age
RankedLock teamsTeams togetherTeam positionsShared explorationLock speedFull tech treeHidden civsTurbo modeCheats
Victory
Defeat
🇲🇽 Teutons · Mexico
1381
+16
🇦🇷 Maya · Argentina
1366
+17
🇧🇷 Ethiopians · Brazil
1323
+19
🇦🇷 Magyars · Argentina
1322
+19
🇮🇳 Ethiopians · India
1485
-22
🇺🇸 Khmer · United States
1453
-20
🇮🇳 Persians · India
1429
-19
🇺🇸 Saracens · United States
1188
-10
Sastre ᴿˢ-
9:12 Feudal Age
10:58 Loom
15:55 Forging
16:50 Bloodlines
24:01 Castle Age
22:50 Scale Barding Armor
22:55 Double-Bit Axe
22:52 Horse Collar
23:26 Gold Mining
26:17 Iron Casting
28:12 Wheelbarrow
30:44 Chain Barding Armor
32:04 Heavy Plow
jeremias723
0:37 Loom
9:58 Feudal Age
10:35 Double-Bit Axe
17:48 Wheelbarrow
19:13 Fletching
22:00 Town Watch
26:59 Castle Age
25:02 Horse Collar
27:40 Elite Skirmisher
28:54 Bodkin Arrow
30:21 Gold Mining
31:24 Crossbowman
34:28 Heavy Plow
Kaiser
6:35 Loom
8:45 Feudal Age
10:36 Double-Bit Axe
12:48 Fletching
18:17 Padded Archer Armor
19:00 Wheelbarrow
20:19 Gold Mining
26:17 Castle Age
24:05 Horse Collar
26:21 Crossbowman
26:57 Bodkin Arrow
27:41 Thumb Ring
29:50 Bow Saw
29:44 Heavy Plow
32:57 Ballistics
33:35 Gold Shaft Mining
35:54 Scale Mail Armor
36:05 Forging
Tuvieja
6:32 Loom
9:00 Feudal Age
9:48 Double-Bit Axe
10:38 Horse Collar
22:15 Castle Age
21:49 Scale Barding Armor
21:56 Bloodlines
22:07 Gold Mining
25:05 Wheelbarrow
27:01 Chain Barding Armor
26:57 Husbandry
27:14 Town Watch
32:45 Bow Saw
32:35 Heavy Plow
36:55 Heavy Plow
Manidhan
6:05 Loom
8:29 Feudal Age
9:34 Double-Bit Axe
17:03 Fletching
21:43 Gold Mining
29:28 Castle Age
29:05 Padded Archer Armor
30:07 Bodkin Arrow
29:38 Crossbowman
33:17 Bow Saw
35:39 Leather Archer Armor
37:02 Horse Collar
callofvalhalla
6:35 Loom
8:43 Feudal Age
9:35 Double-Bit Axe
10:07 Horse Collar
15:42 Scale Barding Armor
16:51 Forging
22:29 Castle Age
21:31 Bloodlines
22:35 Light Cavalry
23:36 Chain Barding Armor
24:52 Husbandry
25:18 Heavy Plow
30:50 Iron Casting
34:08 Wheelbarrow
vijayanandsmail
6:25 Loom
8:51 Feudal Age
11:02 Double-Bit Axe
12:07 Horse Collar
15:58 Fletching
17:59 Padded Archer Armor
24:23 Castle Age
23:32 Gold Mining
24:01 Scale Barding Armor
24:07 Forging
24:18 Stone Mining
25:41 Bodkin Arrow
25:47 Crossbowman
29:36 Thumb Ring
32:35 Bow Saw
echO48
8:32 Feudal Age
8:59 Loom
9:03 Double-Bit Axe
10:42 Horse Collar
21:17 Scale Barding Armor
22:40 Wheelbarrow
23:41 Bloodlines
28:07 Castle Age
28:02 Forging
29:20 Chain Barding Armor
29:40 Heavy Plow
Connection lost

Rejoining the realm…

Still unreachable

The connection could not be restored.

Session expired

The server has moved on; the page needs a fresh start.